Map: Jagannatha LE

Players

ViBE - Winner!

  • Race: Zerg Zerg
  • League: Master

Cin

  • Race: Zerg Zerg
  • League: Master

VOD

Have the link to the VOD?

Description

Time

  • Played on: May 5, 2021, 10:30 p.m.
  • Length: 13:39
Show
View Real Time Build Order
Export as new Build Order

ViBE Zerg - Winner!

Build Orders: Hatch First, Lurkers, Roach Hydra 

Get SALT Encoding   

  12  0:00  Drone  
  13  0:14  Overlord  
  13  0:19  Drone  
  15  0:35  Drone x2  
  16  0:52  Hatchery  
  16  0:53  Drone  
  16  0:55  Drone  
  17  1:03  Drone  
  18  1:09  Extractor  
  17  1:17  Spawning Pool  
  16  1:21  Drone  
  16  1:22  Drone  
  18  1:30  Drone  
  19  2:03  Overlord  
  19  2:07  Zergling x4  
  21  2:08  Drone  
  21  2:10  Queen x2  
  21  2:13  Metabolic Boost  
  26  2:16  Drone  
  26  2:17  Drone  
  28  2:25  Drone  
  28  2:28  Drone  
  30  2:37  Drone x2  
  32  2:52  Hatchery, Drone  
  32  2:53  Drone  
  32  2:58  Drone x2  
  35  3:03  Baneling Nest  
  33  3:11  Drone x2  
  35  3:20  Overlord  
  35  3:34  Drone  
  36  3:38  Queen  
  36  3:39  Drone  
  36  3:40  Drone x3  
  41  3:59  Drone x3  
  41  4:00  Roach Warren  
  41  4:01  Evolution Chamber  
  42  4:06  Drone x4  
  42  4:07  Drone x4  
  50  4:12  Extractor  
  50  4:14  Extractor  
  50  4:16  Overlord  
  48  4:21  Lair  
  48  4:25  Drone x2  
  48  4:26  Overlord  
  48  4:27  Overlord  
  48  4:30  Overlord  
  50  4:32  Zerg Missile Weapons Level 1  
  50  4:38  Zergling x2  
  50  4:40  Drone x4  
  55  4:46  Drone  
  55  4:47  Drone x5  
  55  4:50  Overlord  
  61  4:55  Roach x2  
  65  5:05  Roach x3  
  71  5:13  Roach x2  
  71  5:14  Roach x4  
  77  5:15  Roach x2  
  77  5:21  Overlord x2  
  86  5:31  Overlord  
  86  5:32  Overlord  
  82  5:38  Glial Reconstitution  
  82  5:40  Roach x5  
  86  5:49  Roach x3  
  88  5:50  Roach  
  88  5:55  Roach  
  88  5:57  Roach  
  92  5:58  Zergling x2  
  92  6:01  Roach  
  92  6:02  Overlord  
  92  6:03  Overlord  
  95  6:06  Extractor  
  95  6:08  Roach  
  95  6:09  Roach  
  98  6:12  Overseer  
  98  6:21  Overlord x2  
  98  6:32  Drone x9  
  107  6:33  Drone x2  
  107  6:37  Drone x2  
  110  6:46  Extractor  
  110  6:47  Hydralisk Den, Evolution Chamber  
  108  6:49  Drone x2  
  108  6:51  Drone x3  
  108  6:53  Extractor  
  111  6:56  Drone x2  
  111  6:57  Drone x2  
  111  6:58  Roach x3  
  111  7:01  Overlord  
  121  7:05  Zerg Missile Weapons Level 2  
  121  7:08  Overlord  
  121  7:10  Hatchery  
  121  7:13  Zerg Ground Armor Level 1  
  120  7:17  Roach x3  
  120  7:19  Roach  
  128  7:26  Roach x4  
  128  7:28  Roach  
  138  7:31  Ravager  
  138  7:33  Roach  
  138  7:34  Roach  
  143  7:40  Roach x5  
  153  7:53  Overlord x5  
  153  8:04  Overlord x2  
  153  8:06  Grooved Spines  
  153  8:09  Ravager  
  154  8:18  Roach  
  154  8:19  Roach x9  
  174  8:25  Hydralisk  
  176  8:28  Hydralisk x6  
  176  8:33  Hydralisk x2  
  192  8:38  Hydralisk  
  192  8:39  Hydralisk x2  
  198  8:43  Hydralisk  
  200  8:56  Infestation Pit  
  200  8:57  Drone  
  200  9:09  Overlord x2  
  200  9:18  Muscular Augments  
  138  9:40  Roach x20  
  138  9:41  Roach x3  
  136  9:48  Roach  
  134  9:53  Hydralisk x3  
  134  9:56  Hive  
  140  10:04  Lurker Den  
  139  10:07  Drone  
  139  10:08  Drone x3, Extractor  
  139  10:09  Extractor  
  139  10:10  Drone x2  
  143  10:19  Hydralisk x2  
  147  10:29  Hydralisk x8  
  147  10:31  Roach x2  
  147  10:34  Drone  
  168  10:38  Drone x2  
  170  10:45  Roach x3  
  176  10:56  Roach  
  176  10:57  Roach x10  
  198  11:08  Overlord x2  
  198  11:10  Seismic Spines  
  198  11:18  Lurker x2  
  200  11:19  Pneumatized Carapace  
  150  11:40  Roach  
  150  11:41  Roach x13  
  162  11:50  Drone x8  
  170  11:59  Spine Crawler  
  170  12:00  Drone x2, Spine Crawler  
  170  12:01  Spine Crawler  
  169  12:04  Lurker x2  
  169  12:05  Lurker x4  
  175  12:12  Hatchery  
  174  12:22  Hydralisk  
  174  12:23  Hydralisk x8  
  192  12:40  Adaptive Talons  
  188  12:59  Hydralisk x6  
Show
View Real Time Build Order
Export as new Build Order

Cin Zerg 

Build Orders: Hatch First 

Get SALT Encoding   

  12  0:00  Drone  
  13  0:12  Overlord  
  13  0:16  Drone  
  14  0:31  Drone x2  
  16  0:35  Drone  
  17  0:53  Hatchery  
  16  0:57  Drone  
  17  1:11  Spawning Pool  
  17  1:14  Drone  
  17  1:18  Drone  
  18  1:22  Drone  
  19  1:32  Drone  
  20  1:36  Extractor  
  19  1:40  Overlord  
  19  1:51  Drone  
  20  1:59  Queen  
  22  2:03  Drone  
  22  2:06  Queen  
  22  2:08  Drone  
  26  2:11  Drone  
  27  2:18  Drone  
  27  2:22  Drone  
  29  2:27  Drone  
  30  2:33  Overlord  
  30  2:43  Lair  
  30  2:53  Evolution Chamber  
  30  2:55  Roach Warren  
  28  2:58  Drone x3  
  28  3:03  Drone  
  32  3:08  Queen  
  32  3:09  Drone x3  
  37  3:15  Overlord  
  37  3:16  Drone  
  37  3:17  Drone  
  39  3:20  Drone  
  39  3:21  Drone  
  39  3:26  Zerg Missile Weapons Level 1  
  41  3:29  Drone  
  42  3:38  Extractor  
  42  3:40  Extractor  
  39  3:43  Drone x4  
  43  3:49  Overlord  
  43  3:51  Drone x3  
  46  4:03  Glial Reconstitution  
  46  4:09  Overlord  
  46  4:12  Drone x2  
  46  4:13  Hatchery  
  47  4:20  Overlord  
  47  4:22  Roach x2  
  51  4:29  Roach x3  
  57  4:31  Overlord  
  57  4:38  Roach  
  59  4:40  Overlord  
  59  4:41  Roach  
  59  4:43  Roach  
  59  4:45  Roach  
  65  4:52  Roach x2  
  69  4:55  Overlord  
  69  4:56  Roach  
  69  4:58  Roach  
  73  5:09  Roach x4  
  81  5:32  Drone x2  
  81  5:33  Drone x4  
  87  5:42  Drone x2  
  85  5:49  Drone x6  
  89  5:52  Zerg Missile Weapons Level 2  
  89  5:58  Evolution Chamber  
  88  6:04  Roach  
  88  6:05  Extractor, Roach x3  
  88  6:06  Extractor  
  94  6:12  Roach x2  
  94  6:16  Overlord  
  98  6:22  Overlord x3  
  98  6:23  Overlord  
  98  6:28  Zerg Ground Armor Level 1  
  98  6:38  Roach x4  
  106  6:46  Queen  
  108  6:47  Roach x2  
  108  6:48  Roach x3  
  122  6:54  Roach x4  
  122  6:59  Roach  
  128  7:03  Roach x2  
  128  7:07  Ravager  
  128  7:08  Ravager  
  134  7:09  Ravager x2  
  134  7:10  Roach  
  134  7:12  Overlord x4  
  138  7:30  Overlord x2  
  138  7:36  Roach x9  
  148  7:52  Roach x4  
  148  7:53  Roach x3  
  148  7:57  Roach  
  148  7:58  Roach  
  166  8:00  Drone x2  
  166  8:02  Drone x2  
  166  8:05  Drone x2  
  172  8:12  Drone x4  
  176  8:21  Ravager x2  
  176  8:22  Ravager x2  
  176  8:23  Ravager x2  
  184  8:27  Hatchery, Roach  
  184  8:28  Roach  
  185  8:36  Overlord  
  185  8:42  Zerg Ground Armor Level 2, Overlord  
  185  8:51  Overlord x3  
  185  8:57  Roach x4  
  185  8:59  Overlord x3  
  185  9:01  Ravager  
  194  9:16  Roach  
  198  9:17  Roach x2  
  134  9:41  Roach x9  
  134  9:42  Roach  
  124  9:49  Roach  
  124  9:57  Roach x6  
  124  9:59  Queen, Roach x2  
  140  10:02  Roach x2  
  146  10:12  Ravager  
  146  10:13  Ravager x7  
  154  10:17  Roach  
  154  10:18  Roach x3  
  154  10:19  Roach  
  164  10:23  Extractor  
  163  10:29  Overseer x2  
  163  10:31  Roach x2  
  167  10:41  Roach  
  167  10:42  Roach x5  
  179  10:48  Roach  
  179  10:49  Roach x2  
  185  10:58  Roach  
  185  10:59  Roach x4  
  128  11:45  Roach  
  128  11:46  Roach x20  
  153  12:05  Roach x8  
  153  12:06  Roach x2  
  173  12:09  Ravager x2  
  173  12:12  Extractor  
  173  12:14  Roach x3  
  180  12:23  Hatchery  
  180  12:25  Drone x5  
  180  12:26  Drone  
  180  12:27  Roach x3  
  193  12:37  Roach x4  
  199  12:54  Overlord x3  
  197  13:16  Roach  
  197  13:17  Roach x3  
  197  13:18  Roach x2  
Tags
 
Add a new tag
Caveats
  • Supply blocks, unpowered buildings, or Contaminate may cause inaccurate times.
  • Supply counts are checked every 10 seconds.